 Dungeon Crawl Stone Soup version 0.30-a0-632-g346586fe48 (webtiles) character file.

Game seed: 1787226586433201188

53 Dordric the Magician (level 4, 0/51 HPs)
             Began as a Djinni Warper on Jan 13, 2023.
             Slain by a gnoll
             ... wielding a +0 spear
              (4 damage)
             ... on level 2 of the Dungeon.
             The game lasted 00:01:53 (774 turns).

Dordric the Magician (Djinni Warper)                 Turns: 774, Time: 00:01:53

Health: 0/51       AC:  6    Str: 10    XL:     4   Next: 10%
Gold:   63         EV: 10    Int: 14    God:
                   SH:  0    Dex: 15

rFire   + + +      SeeInvis .    a - +0 falchion
rCold   x . .      Faith    .    (no shield)
rNeg    . . .      Spirit   .    h - +1 ring mail {rF+}
rPois   ∞          Reflect  .    (no helmet)
rElec   .          Harm     .    (no cloak)
rCorr   .          Rampage  .    (no gloves)
Will    .....                    (boots unavailable) Stlth
                                 (no amulet)
HPRegen 0.28/turn                (no ring)
MPRegen 0.00/turn                (no ring)

@: berserking (expiring), flying, very quick
A: sickness immunity, fire resistance 2, cold vulnerability 1, float, innate
caster, HP casting, extra vitality 1
a: no special abilities


You were on level 2 of the Dungeon.
You visited 1 branch of the dungeon, and saw 2 of its levels.

You collected 63 gold pieces.

Inventory:

Hand Weapons
 a - a +0 falchion (weapon)
Missiles
 d - 7 boomerangs of dispersal (quivered)
Armour
 b - a +0 leather armour
 h - a +1 ring mail of fire resistance (worn)
Scrolls
 c - a scroll of blinking
Potions
 e - a potion of resistance
 g - a potion of berserk rage
 i - a potion of ambrosia {unknown}
 j - a potion of lignification {unknown}


   Skills:
 + Level 2.7 Fighting
 + Level 2.5 Long Blades
 - Level 0.7 Throwing
 - Level 1.0 Armour
 - Level 2.1 Dodging
 + Level 2.9 Spellcasting


You couldn't memorise any spells.
You knew the following spells:

 Your Spells              Type           Power      Damage    Failure   Level
a - Blink                 Tloc           20%        N/A       26%         2
b - Lesser Beckoning      Tloc           20%        N/A       45%         3
c - Vhi's Electric Charg  Tloc/Air       20%        N/A       45%         3
d - Teleport Other        Tloc           10%        N/A       45%         3
e - Manifold Assault      Tloc           10%        N/A       86%         4
f - Apportation           Tloc           20%        N/A       17%         1
Your spell library was empty.

Dungeon Overview and Level Annotations

Branches:
Dungeon (2/15)

Altars:


Innate Abilities, Weirdness & Mutations

You are immune to sickness and miasma.
You are immune to poison.
Your flesh is very heat resistant. (rF++)
You are vulnerable to cold. (rC-)
You float through the air rather than walking.
You learn spells naturally, not from books.
Your magical power is your life essence.
You have superior vitality. (+4 MHP)


Message History

The spell is quite dangerous to miscast (26% risk of failure)!
Continue anyway?
You blink.
* * * LOW HITPOINT WARNING * * *
Found a book of Callings.
You feel stable enough to blink again.
A rat comes into view.
The gnoll shouts!
You hear a shout!
The gnoll shouts!
As you read the scroll labelled MAROUSMACO, it crumbles to dust.
It is a scroll of identify.
g - 2 potions of berserk rage
As you read the scroll of identify, it crumbles to dust.
e - a potion of resistance The quokka bites you.
* * * LOW HITPOINT WARNING * * *
The rat bites you but does no damage.
A red film seems to cover your vision as you go berserk!
You feel yourself moving faster!
You feel mighty! The quokka bites you.
* * * LOW HITPOINT WARNING * * *
The giant cockroach waves its antennae.
The rat bites you but does no damage.
You slash the rat!
You kill the rat!
The quokka bites you.
* * * LOW HITPOINT WARNING * * *
You barely miss the gnoll.
The quokka bites you but does no damage.
The gnoll hits you with a +0 whip.
* * * LOW HITPOINT WARNING * * *
The gnoll hits you but does no damage.
You closely miss the gnoll.
The quokka bites you but does no damage.
You slash the gnoll!
You kill the gnoll!
The gnoll hits you but does no damage.
The quokka bites you but does no damage.
You have reached level 4!
You feel agile. The gnoll hits you with a +0 spear.
You die...

############ ...!.>..B..#
########...######################
# ###.ggBr.@g............... #
#.###################### # #.# #
#.. # ### # # # #


You could see 3 gnolls, a quokka and a giant cockroach.

Vanquished Creatures
  3 gnolls
  A ball python (D:2)
  3 giant cockroaches (D:2)
  2 goblins (D:1)
  4 hobgoblins (D:1)
  4 kobolds (D:1)
  2 bats (D:1)
  3 rats
22 creatures vanquished.

Notes
Turn   | Place    | Note
-------+----------+-------------------------------------------
     0 | D:1      | Dordric the Djinni Warper began the quest for the Orb.
     0 | D:1      | Dordric set off with the following spells memorised: Blink,
                  | Lesser Beckoning, Vhi's Electric Charge, Teleport Other,
                  | Manifold Assault.
     0 | D:1      | Reached XP level 1. HP: 18/18 MP: 0/0
     2 | D:1      | Noticed a naga
     6 | D:1      | Noticed a demonspawn zombie
    11 | D:1      | Noticed a merfolk zombie
    13 | D:1      | Noticed a ghoul
    15 | D:1      | Noticed a naga
    15 | D:1      | Noticed a demonspawn zombie
    17 | D:1      | Noticed a spriggan
    19 | D:1      | Noticed a minotaur
    21 | D:1      | Noticed an elf
   188 | D:1      | Reached XP level 2. HP: 21/23 MP: 0/0
   230 | D:1      | You are sucked into a shaft and drop 1 floor!
   342 | D:1      | Reached XP level 3. HP: 9/29 MP: 0/0
   342 | D:1      | Learned a level 1 spell: Apportation
   771 | D:2      | HP: 2/43 [gnoll/+0 whip (3)]
   774 | D:2      | Reached XP level 4. HP: 4/34 MP: 0/0
   774 | D:2      | Slain by a gnoll

Illustrated notes

Levels and vault maps discovered:
D:1:      shiori_arrival_whats_in_store_for_you, layout_rooms,
          minmay_misc_feat_diagonals, nicolae_figureground_pulse
D:2:      layout_basic

Skill      XL: |  1 |
---------------+----+-----
Long Blades    | 2 |  2.5
Fighting       | |  2.7
Throwing       | |  0.7
Armour         | |  1.0
Dodging        | |  2.1
Spellcasting   | |  2.9

Action                   |  1- 3 |  4- 6 || total
-------------------------+-------+-------++-------
Melee: Falchion          |    58 |       ||    58
       Punch             |     1 |       ||     1
 Cast: Blink             |     2 |       ||     2
  Use: Scroll            |     2 |       ||     2
       Potion            |     1 |       ||     1
Armor: Leather armour    |    13 |       ||    13
       Ring mail         |    20 |       ||    20
Dodge: Dodged            |    53 |       ||    53

Table legend: (Time is in decaauts)
 A = Elapsed time spent in this place.
 B = Non-inter-level travel time spent in this place.
 C = Inter-level travel time spent in this place.
 D = Time resting spent in this place.
 E = Time spent auto-exploring this place.
 F = Levels seen in this place.
 G = Mean time per level.
                   A        B        C        D        E       F      G
               +--------+--------+--------+--------+--------+-----+--------+
         Total |    783 |    758 |     25 |      0 |    540 |   2 |  391.5 |
       Dungeon |    783 |    758 |     25 |      0 |    540 |   2 |  391.5 |
               +--------+--------+--------+--------+--------+-----+--------+

Top non-repeatable levels by time:
     D:1: 573 daAuts
     D:2: 210 daAuts
